[ AOE2 MATCH · #508132751 ]
UnrankedAztecs vs Armenians
Player's team · LOSS
Rival team · WIN
[ REPLAY ANALYSIS · EXTRACTED FROM THE RECORDED GAME ]
Feudal
11:17
Castle
21:59
Imperial
39:48
| APM avg | 63.2 |
| APM peak | 97 |
| eAPM avg | 28.4 |
| Villagers / military | 105 / 94 |
Focus
⚔️ 46.7% · 🌾 53.3%
Skirmisher ×31 · Archer ×29 · Eagle Scout ×22 · Militia ×4 · Monk ×2 · Mangonel ×2
Feudal
8:51
Castle
24:25
Imperial
39:14
| APM avg | 70.6 |
| APM peak | 103 |
| eAPM avg | 30.4 |
| Villagers / military | 150 / 131 |
Focus
⚔️ 37.1% · 🌾 62.9%
Skirmisher ×77 · Composite Bowman ×16 · Archer ×15 · Scout Cavalry ×8 · Monk ×4 · Trebuchet (Packed) ×4
Match map
Initial resources + every placement click. Lines = walls · curves = elevation contours. ◆ gold · ⬟ stone · ● berries · ✦ relic · ◌ wall gap
Your base· Open — unwalled flank
_TieuQuy's base· Open — unwalled flank
Smoothed initial terrain · ◌ = detected wall gap · hover for details
Inputs per minute
— hK | Keno_ - - _TieuQuy
Build order — hK | Keno_
First 150 of 354 actions detected
| 0:08 | Queue | Villager (Male) |
| 0:08 | Queue | Villager (Male) |
| 0:08 | Queue | Villager (Male) |
| 0:09 | Queue | Villager (Male) |
| 0:09 | Queue | Villager (Male) |
| 0:10 | Build | House |
| 0:11 | Build | House |
| 1:30 | Queue | Villager (Male) |
| 1:59 | Queue | Villager (Male) |
| 2:00 | Queue | Villager (Male) |
| 2:02 | Build | Lumber Camp |
| 2:39 | Queue | Villager (Male) |
| 2:41 | Queue | Villager (Male) |
| 2:41 | Queue | Villager (Male) |
| 3:09 | Queue | Villager (Male) |
| 3:09 | Queue | Villager (Male) |
| 3:50 | Build | House |
| 3:54 | Queue | Villager (Male) |
| 4:09 | Research | Loom |
| 4:17 | Queue | Villager (Male) |
| 4:39 | Queue | Villager (Male) |
| 4:53 | Queue | Villager (Male) |
| 4:56 | Build | Barracks |
| 5:13 | Build | House |
| 5:26 | Queue | Villager (Male) |
| 5:41 | Queue | Villager (Male) |
| 5:41 | Queue | Villager (Male) |
| 5:55 | Queue | Militia |
| 5:55 | Queue | Militia |
| 6:13 | Build | House |
| 6:16 | Queue | Villager (Male) |
| 6:30 | Queue | Militia |
| 6:44 | Queue | Villager (Male) |
| 6:56 | Queue | Militia |
| 6:59 | Build | Mill |
| 7:05 | Queue | Villager (Male) |
| 7:27 | Queue | Villager (Male) |
| 7:48 | Queue | Villager (Male) |
| 7:49 | Research | Loom |
| 8:58 | Build | Palisade Wall |
| 8:59 | Build | Palisade Wall |
| 9:07 | Research | Feudal Age |
| 9:08 | Research | Feudal Age |
| 9:12 | Build | Palisade Wall |
| 9:39 | Build | Palisade Wall |
| 9:42 | Build | Palisade Wall |
| 10:07 | Build | Palisade Wall |
| 10:08 | Build | Palisade Wall |
| 10:09 | Build | Palisade Wall |
| 10:15 | Build | Palisade Wall |
| 11:17 | Age | Feudal Age |
| 11:21 | Queue | Villager (Male) |
| 11:28 | Queue | Villager (Male) |
| 11:31 | Build | Archery Range |
| 11:33 | Build | Mining Camp |
| 11:35 | Research | Double-Bit Axe |
| 11:36 | Queue | Villager (Male) |
| 11:44 | Build | House |
| 11:49 | Build | Blacksmith |
| 11:49 | Queue | Villager (Male) |
| 11:54 | Build | Watch Tower |
| 12:01 | Build | Farm |
| 12:02 | Build | Farm |
| 12:03 | Build | Farm |
| 12:06 | Build | House |
| 12:07 | Build | House |
| 12:08 | Queue | Skirmisher |
| 12:20 | Queue | Villager (Male) |
| 12:24 | Build | Farm |
| 12:29 | Queue | Skirmisher |
| 12:36 | Research | Fletching |
| 12:54 | Queue | Villager (Male) |
| 13:00 | Queue | Skirmisher |
| 13:02 | Queue | Archer |
| 13:16 | Build | Farm |
| 13:27 | Build | House |
| 13:29 | Queue | Skirmisher |
| 13:29 | Queue | Skirmisher |
| 13:54 | Queue | Archer |
| 13:55 | Queue | Archer |
| 13:57 | Queue | Villager (Male) |
| 13:57 | Queue | Villager (Male) |
| 13:59 | Build | Farm |
| 14:15 | Build | Farm |
| 14:18 | Build | Farm |
| 14:21 | Queue | Villager (Male) |
| 14:21 | Queue | Villager (Male) |
| 14:43 | Build | Palisade Wall |
| 14:45 | Build | Farm |
| 14:45 | Queue | Villager (Male) |
| 15:00 | Build | Farm |
| 15:00 | Queue | Archer |
| 15:26 | Queue | Villager (Male) |
| 15:34 | Build | House |
| 15:36 | Queue | Archer |
| 15:37 | Queue | Villager (Male) |
| 15:48 | Queue | Villager (Male) |
| 15:56 | Build | Farm |
| 16:06 | Queue | Villager (Male) |
| 16:17 | Queue | Archer |
| 16:22 | Queue | Villager (Male) |
| 16:36 | Queue | Villager (Male) |
| 16:58 | Queue | Villager (Male) |
| 17:02 | Build | Market |
| 17:04 | Queue | Archer |
| 17:12 | Research | Padded Archer Armor |
| 17:13 | Queue | Archer |
| 17:26 | Build | Outpost |
| 17:39 | Queue | Villager (Male) |
| 17:41 | Build | Farm |
| 18:00 | Build | House |
| 18:15 | Build | Farm |
| 18:17 | Queue | Archer |
| 18:44 | Queue | Villager (Male) |
| 18:45 | Queue | Archer |
| 19:05 | Build | Archery Range |
| 19:19 | Research | Castle Age |
| 19:32 | Queue | Archer |
| 19:53 | Queue | Archer |
| 19:53 | Queue | Archer |
| 20:03 | Build | House |
| 20:03 | Build | House |
| 20:07 | Build | House |
| 20:09 | Queue | Archer |
| 20:19 | Queue | Archer |
| 20:43 | Build | House |
| 20:50 | Queue | Archer |
| 20:56 | Build | House |
| 20:57 | Build | House |
| 21:04 | Queue | Archer |
| 21:31 | Queue | Spearman |
| 21:47 | Queue | Archer |
| 21:50 | Build | Farm |
| 21:50 | Build | Farm |
| 21:59 | Age | Castle Age |
| 22:01 | Research | Crossbowman (upgrade) |
| 22:03 | Research | Bodkin Arrow |
| 22:08 | Queue | Villager (Male) |
| 22:10 | Queue | Villager (Male) |
| 22:21 | Queue | Villager (Male) |
| 22:30 | Research | Elite Skirmisher (upgrade) |
| 22:31 | Queue | Skirmisher |
| 22:43 | Queue | Villager (Male) |
| 22:50 | Queue | Skirmisher |
| 23:09 | Research | Crossbowman (upgrade) |
| 23:12 | Queue | Skirmisher |
| 23:13 | Queue | Villager (Male) |
| 23:22 | Queue | Archer |
| 23:22 | Queue | Archer |
| 23:29 | Queue | Villager (Male) |
Build order — _TieuQuy
First 150 of 404 actions detected
| 0:01 | Queue | Villager (Male) |
| 0:01 | Queue | Villager (Male) |
| 0:02 | Build | House |
| 0:03 | Build | House |
| 0:16 | Queue | Villager (Male) |
| 0:16 | Queue | Villager (Male) |
| 1:26 | Queue | Villager (Male) |
| 1:26 | Queue | Villager (Male) |
| 1:52 | Queue | Villager (Male) |
| 1:52 | Queue | Villager (Male) |
| 1:55 | Build | Mule Cart |
| 2:26 | Queue | Villager (Male) |
| 2:53 | Queue | Villager (Male) |
| 2:54 | Queue | Villager (Male) |
| 3:13 | Queue | Villager (Male) |
| 3:14 | Queue | Villager (Male) |
| 3:34 | Queue | Villager (Male) |
| 3:35 | Queue | Villager (Male) |
| 3:50 | Build | House |
| 3:54 | Queue | Villager (Male) |
| 4:20 | Queue | Villager (Male) |
| 4:30 | Build | Barracks |
| 4:48 | Queue | Villager (Male) |
| 5:17 | Queue | Villager (Male) |
| 5:22 | Build | House |
| 5:40 | Queue | Villager (Male) |
| 5:41 | Research | Loom |
| 6:38 | Research | Feudal Age |
| 6:38 | Research | Feudal Age |
| 6:38 | Research | Feudal Age |
| 6:55 | Queue | Militia |
| 7:04 | Build | Mule Cart |
| 7:16 | Queue | Militia |
| 7:35 | Queue | Militia |
| 7:43 | Build | Palisade Wall |
| 7:43 | Build | Palisade Wall |
| 7:44 | Build | Palisade Wall |
| 7:46 | Build | Palisade Wall |
| 7:46 | Build | Palisade Wall |
| 7:47 | Build | Palisade Wall |
| 8:13 | Queue | Villager (Male) |
| 8:22 | Build | House |
| 8:51 | Age | Feudal Age |
| 8:54 | Build | Archery Range |
| 8:58 | Research | Man-at-Arms (upgrade) |
| 8:58 | Research | Man-at-Arms (upgrade) |
| 9:05 | Queue | Villager (Male) |
| 9:10 | Build | Palisade Wall |
| 9:11 | Build | Palisade Wall |
| 9:26 | Queue | Villager (Male) |
| 9:40 | Build | Palisade Wall |
| 9:41 | Build | Palisade Wall |
| 9:41 | Build | Palisade Wall |
| 9:53 | Queue | Archer |
| 9:54 | Build | House |
| 9:59 | Queue | Villager (Male) |
| 10:02 | Queue | Skirmisher |
| 10:32 | Build | House |
| 10:33 | Queue | Skirmisher |
| 10:42 | Queue | Archer |
| 10:44 | Queue | Villager (Male) |
| 10:46 | Build | Mill |
| 10:59 | Queue | Villager (Male) |
| 11:03 | Build | Blacksmith |
| 11:16 | Queue | Archer |
| 11:19 | Queue | Villager (Male) |
| 11:50 | Build | Farm |
| 11:52 | Build | Farm |
| 11:57 | Queue | Archer |
| 12:00 | Queue | Villager (Male) |
| 12:00 | Queue | Villager (Male) |
| 12:00 | Queue | Villager (Male) |
| 12:01 | Build | Farm |
| 12:20 | Build | Farm |
| 12:23 | Queue | Villager (Male) |
| 12:23 | Queue | Villager (Male) |
| 12:28 | Queue | Archer |
| 12:40 | Build | Farm |
| 13:03 | Queue | Villager (Male) |
| 13:17 | Research | Fletching |
| 13:17 | Research | Fletching |
| 13:18 | Research | Fletching |
| 13:19 | Build | Farm |
| 13:30 | Build | Farm |
| 13:32 | Build | Farm |
| 13:45 | Queue | Villager (Male) |
| 13:48 | Queue | Archer |
| 14:02 | Queue | Villager (Male) |
| 14:13 | Build | House |
| 14:18 | Queue | Villager (Male) |
| 14:29 | Queue | Archer |
| 14:32 | Queue | Villager (Male) |
| 14:34 | Build | House |
| 14:43 | Queue | Archer |
| 15:00 | Queue | Villager (Male) |
| 15:24 | Queue | Villager (Male) |
| 15:27 | Build | Stable |
| 15:28 | Queue | Archer |
| 15:30 | Build | Farm |
| 15:45 | Build | House |
| 15:47 | Build | Palisade Wall |
| 15:48 | Build | Palisade Wall |
| 15:50 | Build | House |
| 15:52 | Build | House |
| 16:01 | Queue | Villager (Male) |
| 16:03 | Research | Double-Bit Axe |
| 16:03 | Research | Double-Bit Axe |
| 16:04 | Queue | Villager (Male) |
| 16:18 | Queue | Scout Cavalry |
| 16:19 | Queue | Scout Cavalry |
| 16:19 | Queue | Scout Cavalry |
| 16:27 | Build | House |
| 16:31 | Build | Farm |
| 16:40 | Queue | Scout Cavalry |
| 16:42 | Queue | Villager (Male) |
| 16:44 | Build | Farm |
| 17:06 | Queue | Scout Cavalry |
| 17:08 | Queue | Archer |
| 17:09 | Queue | Villager (Male) |
| 17:11 | Build | Farm |
| 17:16 | Build | House |
| 17:27 | Research | Scale Barding Armor |
| 17:38 | Queue | Villager (Male) |
| 17:47 | Build | Farm |
| 17:52 | Queue | Scout Cavalry |
| 17:57 | Build | Farm |
| 17:58 | Build | Farm |
| 17:58 | Queue | Villager (Male) |
| 17:58 | Queue | Villager (Male) |
| 17:59 | Queue | Villager (Male) |
| 18:04 | Queue | Archer |
| 18:33 | Queue | Villager (Male) |
| 18:40 | Queue | Archer |
| 18:58 | Queue | Villager (Male) |
| 19:01 | Build | Mule Cart |
| 19:04 | Queue | Archer |
| 19:09 | Queue | Scout Cavalry |
| 19:25 | Queue | Skirmisher |
| 19:26 | Queue | Scout Cavalry |
| 19:36 | Queue | Villager (Male) |
| 19:40 | Queue | Villager (Male) |
| 19:57 | Build | Market |
| 20:02 | Queue | Archer |
| 20:08 | Queue | Villager (Male) |
| 20:12 | Build | Palisade Wall |
| 20:15 | Queue | Archer |
| 20:18 | Build | Farm |
| 20:38 | Queue | Villager (Male) |
| 20:59 | Build | Farm |
| 21:14 | Build | Farm |
Match timeline
| 4:30 | _TieuQuy · first_building Barracks |
| 4:56 | hK | Keno_ · first_building Barracks |
| 7:43 | _TieuQuy · wall_segment Palisade Wall x2 |
| 7:43 | _TieuQuy · wall_segment Palisade Wall x1 |
| 7:44 | _TieuQuy · wall_segment Palisade Wall x1 |
| 7:46 | _TieuQuy · wall_segment Palisade Wall x1 |
| 7:46 | _TieuQuy · wall_segment Palisade Wall x1 |
| 7:47 | _TieuQuy · wall_segment Palisade Wall x1 |
| 8:51 | _TieuQuy · age_up feudal |
| 8:54 | _TieuQuy · first_building Archery Range |
| 8:58 | hK | Keno_ · wall_segment Palisade Wall x1 |
| 8:59 | hK | Keno_ · wall_segment Palisade Wall x1 |
| 9:10 | _TieuQuy · wall_segment Palisade Wall x1 |
| 9:11 | _TieuQuy · wall_segment Palisade Wall x1 |
| 9:12 | hK | Keno_ · wall_segment Palisade Wall x2 |
| 9:39 | hK | Keno_ · wall_segment Palisade Wall x1 |
| 9:40 | _TieuQuy · wall_segment Palisade Wall x1 |
| 9:41 | _TieuQuy · wall_segment Palisade Wall x1 |
| 9:41 | _TieuQuy · wall_segment Palisade Wall x1 |
| 9:42 | hK | Keno_ · wall_segment Palisade Wall x1 |
| 10:07 | hK | Keno_ · wall_segment Palisade Wall x1 |
| 10:08 | hK | Keno_ · wall_segment Palisade Wall x1 |
| 10:09 | hK | Keno_ · wall_segment Palisade Wall x1 |
| 10:15 | hK | Keno_ · wall_segment Palisade Wall x1 |
| 11:17 | hK | Keno_ · age_up feudal |
| 11:31 | hK | Keno_ · first_building Archery Range |
| 14:43 | hK | Keno_ · wall_segment Palisade Wall x7 |
| 15:27 | _TieuQuy · first_building Stable |
| 15:47 | _TieuQuy · wall_segment Palisade Wall x1 |
| 15:48 | _TieuQuy · wall_segment Palisade Wall x1 |
| 18:11 | hK | Keno_ · first_market_buy 100 food |
| 19:18 | hK | Keno_ · first_market_sell 100 wood |
| 20:12 | _TieuQuy · wall_segment Palisade Wall x11 |
| 21:04 | _TieuQuy · first_market_buy 100 food |
| 21:59 | hK | Keno_ · age_up castle |
| 24:25 | _TieuQuy · age_up castle |
| 24:49 | _TieuQuy · first_building Monastery |
| 26:33 | hK | Keno_ · first_building Monastery |
| 31:22 | hK | Keno_ · first_building Siege Workshop |
| 32:18 | hK | Keno_ · wall_segment Stone Wall x1 |
| 32:19 | hK | Keno_ · wall_segment Stone Wall x1 |
| 32:37 | _TieuQuy · first_building Siege Workshop |
| 33:42 | hK | Keno_ · wall_segment Stone Wall x22 |
| 34:21 | hK | Keno_ · first_building Castle |
| 34:54 | hK | Keno_ · wall_segment Palisade Wall x1 |
| 35:19 | _TieuQuy · first_building Castle |
| 35:33 | hK | Keno_ · wall_segment Stone Wall x8 |
| 35:59 | _TieuQuy · first_market_sell 100 wood |
| 36:38 | hK | Keno_ · wall_segment Stone Wall x3 |
| 39:14 | _TieuQuy · age_up imperial |
| 39:48 | hK | Keno_ · age_up imperial |
| 42:51 | hK | Keno_ · resign |
[ AI ANALYSIS · 1 CREDIT ]
What really happened in this match?
Wolo.gg analyzes every decision: build order, eco, micro, common mistakes by bracket. Personalized analysis on WhatsApp or Discord in 30 seconds.
Civ guide
Aztecs
Perfil
Jugador #312774